 Dungeon Crawl Stone Soup version 0.20.1-1-g8b1a95d (webtiles) character file.

32 Lorindel the Magician (level 3, 31/31 HPs)
             Began as a Troll Wizard on Aug 2, 2017.
             Got out of the dungeon alive.
             The game lasted 00:06:21 (613 turns).

Lorindel the Magician (Troll Wizard)                 Turns: 613, Time: 00:06:21

Health: 31/31      AC:  5    Str: 15    XL:     3   Next: 10%
Magic:  5/5        EV: 10    Int: 15    God:
Gold:   34         SH:  0    Dex:  8    Spells: 5/6 levels left

rFire    . . .     SeeInvis .   (no weapon)
rCold    . . .     Gourm    +   (no shield)
rNeg     . . .     Faith    .   a - +0 robe
rPois    .         Spirit   .   b - +0 hat
rElec    .         Reflect  .   (no cloak)
rCorr    .         Harm     .   (gloves unavailable)
MR       .....                  (boots unavailable)
Stlth    +.........             (no amulet)
Regen    0.5/turn               (no ring)
MPRegen  0.1/turn               (no ring)

@: no status effects
A: unfitting armour, claws 3, fast metabolism 3, gourmand, regeneration 1,
shaggy fur 1, tough skin 2
a: no special abilities


You escaped.
You were completely stuffed.

You visited 1 branch of the dungeon, and saw 1 of its levels.

You collected 34 gold pieces.

Inventory:

Hand Weapons
 g - a +1 spear of venom
 l - a cursed -2 hunting sling
Missiles
 e - 52 arrows
Armour
 a - a +0 robe (worn)
 b - a +0 hat (worn)
Scrolls
 h - a scroll of remove curse
Potions
 i - a potion of flight {unknown}
 j - a potion of curing
Books
 c - a book of Minor Magic

   Spells                             Type                      Level
   a - Magic Dart                     Conjuration                  1
   b - Blink                          Translocation                2
   c - Call Imp                       Summoning                    2
   d - Slow                           Hexes                        2
   e - Conjure Flame                  Conjuration/Fire             3
   f - Mephitic Cloud                 Conjuration/Poison/Air       3
Comestibles
 d - 2 bread rations
 f - a chunk of flesh


   Skills:
 + Level 0.2 Fighting
 + Level 2.0 Dodging
 + Level 1.2 Stealth
 + Level 0.0 Unarmed Combat
 * Level 2.3 Spellcasting
 + Level 0.9 Conjurations
   Level 0.6 Summonings
   Level 0.6 Translocations


You had 5 spell levels left.
You knew the following spells:

 Your Spells              Type           Power        Failure   Level  Hunger
a - Magic Dart            Conj           #...         14%         1    #......


Dungeon Overview and Level Annotations

Branches:
Dungeon (1/15)

Altars:


Innate Abilities, Weirdness & Mutations

You are too large for most types of armour.
You have claws for hands.
Your metabolism is lightning-fast.
You like to eat raw meat.
Your natural rate of healing is unusually fast.
You are covered in fur. (AC +1)
You have very tough skin. (AC +2)


Message History

a dagger; a goblin skeleton Eating one of 3 chunks of flesh.
You eat one of the 3 chunks of flesh.
This raw flesh tastes great.
Eating one of 2 chunks of flesh.
You eat one of the 2 chunks of flesh.
This raw flesh tastes great.
Found a stone staircase leading down.
Welcome back, Lorindel the Troll Wizard.
Press ? for a list of commands and other information.
Found a lumpy brown potion.
h - a scroll of remove curse
i - a lumpy brown potion
There is an open door here.
You see here a club.
You open the door.
There is an open door here.
There is a staircase leading out of the dungeon here.
Are you sure you want to leave the Dungeon?
This will make you lose the game!
Uppercase [Y]es or [N]o only, please.
Are you sure you want to leave the Dungeon?
This will make you lose the game!
You have escaped!

.######......................#≈#
...# ##.###'#############.####.+
.#)# ##.'..............#..# #.##
.#.# ##.#.############.#### #...
.#.# ##.#)#..........#.########..
.#.# ##.#.#.########.#.#.........
.#.# ##.#.#.#......#.#.##.######.
.#.# ##.#.#.#.####.#.#.##.# #.
.#.# ##.#.#.#.#.@#.#.#.##.# #.
.#.# ##)#.#.#....#.'.#.##.# #.
.#.# ##.#.#.######.#.#.##.######.
.#.# ##.#.#........#.#.#......##.
.#.####.+.##########.#.##.###.##.
.....##.#............#.##.# #.##.
##.#.##.##############.##.###.##.
#....##................##........
.###.########################....


There were no monsters in sight!

Vanquished Creatures
  An ooze (D:1)
  A dart slug (D:1)
  3 leopard geckos (D:1)
  A ball python (D:1)
  3 bats (D:1)
  3 giant cockroaches (D:1)
  2 goblins (D:1)
  2 frilled lizards (D:1)
  2 kobolds (D:1)
  5 rats (D:1)
23 creatures vanquished.

Notes
Turn   | Place    | Note
-------+----------+-------------------------------------------
     0 | D:1      | Lorindel the Troll Wizard began the quest for the Orb.
     0 | D:1      | Reached XP level 1. HP: 16/16 MP: 2/2
   228 | D:1      | Reached XP level 2. HP: 24/24 MP: 4/4
   432 | D:1      | Reached XP level 3. HP: 31/31 MP: 5/5
   613 | D:$      | Got out of the dungeon alive.

Skill      XL: |  1  2  3 |
---------------+----------+-----
Dodging        | 2 |  2.0
Fighting       | |  0.2
Stealth        | |  1.2
Spellcasting   | |  2.3
Conjurations   | |  0.9
Summonings     | |  0.6
Translocations | |  0.6

Action                   || total
-------------------------++-------
Melee: Spear             ||    31
       Unarmed           ||    34
 Cast: Magic Dart        ||     6
  Use: Scroll            ||     5
 Stab: Sleeping          ||     2
  Eat: Chunk             ||    11
Armor: Robe              ||    40
Dodge: Dodged            ||    46
